[Event "*** Titled Tuesday Blitz"]
[Site "Chess.com"]
[Date "2020.11.24"]
[Round "4"]
[White "Gevo1990"]
[Black "Kislov_Oleg"]
[Result "1-0"]
[WhiteElo "2586"]
[BlackElo "2360"]
[TimeControl "180+1"]
[EndTime "10:54:48 PST"]
[Termination "Gevo1990 won on time"]

1. e4 c5 2. Nc3 Nc6 3. Bb5 g6 4. Bxc6 dxc6 5. f4 Bg7 6. Nf3 Bg4 7. d3 e5 8. fxe5 Bxe5 9. O-O Ne7 10. Bh6 Qd6 11. h3 Bxf3 12. Qxf3 Qe6 13. Kh1 f6 14. a4 Rg8 15. Be3 Qd6 16. a5 Rf8 17. Na4 Bd4 18.
Bf4 Be5 19. Bxe5 Qxe5 20. Qe3 Qd4 21. Qxd4 cxd4 22. Nc5 Kf7 23. Nxb7 a6 24. b3 Rab8 25. Nd6+ Ke6 26. Nc4 Rb5 27. Rae1 Nc8 28. e5 f5 29.
Rf4 Rd5 30. h4 c5 31. Kh2 Na7 32. g4 Nc6 33. gxf5+ Rxf5 34. Rxf5 gxf5 35. Kg3 Rd8 36.
Nb6 Rg8+ 37. Kh3 Rg4 38. Na4 Nxe5 39. Nxc5+ Kd5 40. Nxa6 Rg6 41. Nb4+ Kc5 42. Rxe5+ Kxb4 43. Rxf5 Kc3 44. Rc5+ Kd2 45. b4 Ke3 46. b5 Kf3 47. Rf5+ Ke3 48. a6 1-0

[Event "*** Titled Tuesday Blitz"]
[Site "Chess.com"]
[Date "2020.11.24"]
[Round "4"]
[White "Shuvalov"]
[Black "KetiTsatsalashvili"]
[Result "1-0"]
[WhiteElo "2464"]
[BlackElo "2288"]
[TimeControl "180+1"]
[EndTime "10:54:48 PST"]
[Termination "Shuvalov won by resignation"]

1. Nf3 Nf6 2. c4 e6 3. g3 d5 4.
Bg2 d4 5. O-O c5 6. b4 cxb4 7.
a3 bxa3 8. d3 Nc6 9. Nxa3 e5 10.
Qa4 Bd6 11. Nb5 O-O 12. Nxd6 Qxd6 13. Ba3 Qc7 14. Bxf8 Kxf8 15. Rfb1 Nd7 16. Qa3+ Kg8 17. Ng5 a5 18. Ne4 h6 19. Nd6 Ra6 20. Rb5 Nb4 21.
Nxc8 Nc2 22. Ne7+ Kh7 23. Qb2 Nxa1 24. Qxa1 b6 25. Nd5 Qd6 26. Qb2 a4 27. Qa2 Nc5 28.
Nb4 Ra7 29. Qa3 f5 30. Nd5 Ra6 31. e3 dxe3 32. fxe3 Qd8 33. d4 exd4 34. exd4 Ne6 35.
Qd3 Qg5 36. Nb4 Ra7 37. Rxf5 Qg6 38. Be4 a3 39. Rf1 1-0

[Event "*** Titled Tuesday Blitz"]
[Site "Chess.com"]
[Date "2020.11.24"]
[Round "4"]
[White "EdmundPlayer"]
[Black "Smile2005"]
[Result "1-0"]
[WhiteElo "2153"]
[BlackElo "2343"]
[TimeControl "180+1"]
[EndTime "10:54:50 PST"]
[Termination "EdmundPlayer won by checkmate"]

1. e4 d5 2. exd5 Nf6 3. Bb5+ Bd7 4. Bc4 Bg4 5. f3 Bc8 6. Nc3 Nbd7 7. d4 Nb6 8. Bb3 Nbxd5 9. Nge2 e6 10. Bg5 Be7 11.
Nxd5 Nxd5 12. Bxe7 Qxe7 13. Bxd5 exd5 14. Qd2 O-O 15.
O-O Re8 16. Rae1 Bf5 17. Ng3 Qd7 18. c3 Bg6 19. Rxe8+ Rxe8 20. Re1 Re6 21. Rxe6 Qxe6 22. Kf2 Kf8 23. Qe3 Qb6 24. Qd2 c5 25. dxc5 Qxc5+ 26. Qd4 Qb5 27. b4 a5 28. bxa5 Qxa5 29. Qb4+ Qxb4 30. cxb4 Ke7 31. a4 Bc2 32. a5 Kd6 33.
Ke3 Ba4 34. Kd4 Bb5 35. Nf5+ Ke6 36. Nxg7+ Kf6 37. Nh5+ Kg5 38. Ng3 Bc4 39. Ke3 h5 40.
Ne2 h4 41. Nd4 h3 42. g3 f5 43. f4+ Kg4 44. b5 Bf1 45. b6 Ba6 46. Nf3 Kh5 47. Ne5 Bb5 48. Kd4 Ba6 49. Kxd5 Bb5 50. Kd6 Ba6 51.
Ke6 Bd3 52. Nxd3 Kg4 53. Ne5+ Kh5 54. Kxf5 Kh6 55. g4 Kh7 56. g5 Kg7 57. g6 Kh6 58.
Kf6 Kh5 59. g7 Kh6 60. g8=Q Kh5 61. Qg5# 1-0

[Event "*** Titled Tuesday Blitz"]
[Site "Chess.com"]
[Date "2020.11.24"]
[Round "4"]
[White "Shield12"]
[Black "BocharovD"]
[Result "0-1"]
[WhiteElo "2908"]
[BlackElo "2802"]
[TimeControl "180+1"]
[EndTime "10:54:51 PST"]
[Termination "BocharovD won by resignation"]

1. e4 c5 2. Nf3 e6 3. d4 cxd4 4.
Nxd4 a6 5. c4 Nf6 6. Nc3 Qc7 7.
a3 b6 8. Be3 Bb7 9. f3 d6 10.
Be2 Be7 11. Qd2 O-O 12. O-O Nbd7 13. Rfc1 Rfc8 14. a4 Rab8 15. Bf1 Qd8 16. Rab1 Ne5 17. b3 h5 18. Qf2 h4 19. Nde2 Nd3 20. Bxb6 Qe8 21.
Qe3 Nxc1 22. Rxc1 Nd7 23. Bd4 Bc6 24. Nb1 e5 25. Ba1 Qd8 26. Nd2 Nc5 27. Rb1 Bg5 28.
f4 exf4 29. Nxf4 Ne6 30. g3 hxg3 31. hxg3 Bh6 32. Nf3 Qe7 33. Re1 Re8 34. Nd4 Nxd4 35.
Bxd4 Qxe4 36. Qxe4 Rxe4 37. Rxe4 Bxe4 38. Nd5 Rxb3 39.
Kf2 Bxd5 40. cxd5 Rb4 41. Bc3 Rxa4 42. Ke2 Bg5 43. Kd3 Bf6 44. Bg2 Ra3 45. Be4 Rxc3+ 0-1

[Event "*** Titled Tuesday Blitz"]
[Site "Chess.com"]
[Date "2020.11.24"]
[Round "4"]
[White "Geller_Jakov"]
[Black "SARGISMV"]
[Result "0-1"]
[WhiteElo "2634"]
[BlackElo "2510"]
[TimeControl "180+1"]
[EndTime "10:54:51 PST"]
[Termination "SARGISMV won on time"]

1. e4 e6 2. d4 d5 3. Nc3 Bb4 4. e5 c5 5. Qg4 Ne7 6. dxc5 Nbc6 7. Nf3 d4 8. a3 Ba5 9. b4 Nxb4 10. axb4 Bxb4 11. Bd2 dxc3 12. Bc1 Bxc5 13. Bd3 Bd7 14. Qxg7 Rg8 15. Qxh7 Qb6 16. Bg5 O-O-O 17. O-O Bc6 18.
h4 Ng6 19. Bxg6 Bxf3 20. Bxd8 Qxd8 21. Qxf7 Bd5 22. h5 Rf8 23. Qg7 Qg5 24. Qxf8+ Bxf8 0-1

[Event "*** Titled Tuesday Blitz"]
[Site "Chess.com"]
[Date "2020.11.24"]
[Round "4"]
[White "Beltraxtor"]
[Black "aa175"]
[Result "0-1"]
[WhiteElo "2532"]
[BlackElo "2286"]
[TimeControl "180+1"]
[EndTime "10:54:53 PST"]
[Termination "aa175 won by resignation"]

1. e4 c5 2. Nf3 d6 3. Bb5+ Nd7 4.
d4 cxd4 5. Qxd4 a6 6. Bxd7+ Bxd7 7. Nc3 e5 8. Qd3 Rc8 9. a4 Nf6 10. Bg5 Qb6 11. Bxf6 Qxb2 12. Rb1 Qxc3+ 13. Qxc3 Rxc3 14. Bg5 Bc6 15. O-O Bxe4 16. Rfe1 Bc6 17. Nxe5 dxe5 18. Rxe5+ Kd7 19. Rd1+ Kc7 20. Bf4 Kc8 21. Bd2 Rxc2 22. Ba5 Ba3 23. h3 f6 24. Ree1 Rb2 25. Re7 Bxe7 26.
Bc3 Rc2 27. Bd2 Bc5 28. Bf4 Rd8 29.
Re1 Bxf2+ 30. Kf1 Bxe1 31. Kxe1 Rxg2 0-1

[Event "*** Titled Tuesday Blitz"]
[Site "Chess.com"]
[Date "2020.11.24"]
[Round "4"]
[White "FearNoEvil12"]
[Black "SHIVACalypso"]
[Result "0-1"]
[WhiteElo "2155"]
[BlackElo "2417"]
[TimeControl "180+1"]
[EndTime "10:54:54 PST"]
[Termination "SHIVACalypso won on time"]

1. e4 e6 2. d4 d5 3. Nc3 Nf6 4. Qd3 Bb4 5. e5 Ne4 6. a3 Bxc3+ 7.
bxc3 f6 8. Qe3 fxe5 9. dxe5 b6 10. Bd3 Nc5 11. Qg3 Qe7 12. Nf3 Ba6 13. Bg5 Qf7 14. Nd4 O-O 15. O-O Bxd3 16. cxd3 Qg6 17. Rad1 h6 18. Be7 Qxg3 19. hxg3 Re8 20. Bxc5 bxc5 21.
Nb3 Nd7 22. f4 Rab8 23. Na5 Rb6 24. d4 c4 25. f5 Ra6 26. fxe6 Rexe6 27. Nb7 Rxa3 28.
Rb1 Rxc3 29. Nd8 Re8 30. Nc6 Nb6 31. Ra1 Rxg3 32. Rxa7 c3 33. Rxc7 Nc4 34. Rff7 c2 0-1

[Event "*** Titled Tuesday Blitz"]
[Site "Chess.com"]
[Date "2020.11.24"]
[Round "4"]
[White "monalize"]
[Black "OMGCovid-19"]
[Result "0-1"]
[WhiteElo "2355"]
[BlackElo "1855"]
[TimeControl "180+1"]
[EndTime "10:54:54 PST"]
[Termination "OMGCovid-19 won by resignation"]

1. e4 e6 2. d4 d5 3. exd5 exd5 4. Bd3 Nc6 5. c3 Bd6 6. Qf3 Nf6 7. Ne2 O-O 8. h3 Ne4 9. Bf4 Re8 10. O-O f5 11. Nd2 Qf6 12. Rad1 Bd7 13. Bxd6 cxd6 14. Bc2 Rf8 15.
Bb3 Be6 16. Nf4 Ne7 17. Rfe1 g5 18. Nxe6 Qxe6 19. Qd3 Qf6 20. Nf1 Kh8 21. f3 g4 22.
fxe4 fxe4 23. Qe3 Nf5 24. Qf4 gxh3 25. g4 Qg6 26. Nh2 Nxd4 27. Qxf8+ Rxf8 28. Rxd4 Qf6 29. Rf1 Qe7 30. Rxf8+ Qxf8 31. Bxd5 Qf4 32. Rxe4 Qg3+ 33. Kf1 Qxh2 34. Re2 Qf4+ 35. Kg1 Qxg4+ 36. Kf1 Qf4+ 37. Rf2 Qc1+ 38. Ke2 Qxb2+ 39. Kf3 Qxc3+ 40. Kg4 Qg7+ 41. Kxh3 Qh6+ 42. Kg2 Qg5+ 43. Kf1 Qxd5 44. Ke2 Qc4+ 45.
Ke3 Qc5+ 46. Kf3 Qxf2+ 47. Kxf2 Kg7 48. Kg3 Kf6 49. Kg4 Ke5 50. Kg5 Kd4 51. Kh6 d5 52.
Kg5 Kc3 53. Kf4 d4 54. a4 d3 55. Ke5 Kc2 56. a5 d2 57. a6 bxa6 58. Ke6 d1=Q 0-1

[Event "*** Titled Tuesday Blitz"]
[Site "Chess.com"]
[Date "2020.11.24"]
[Round "4"]
[White "jefferyx"]
[Black "AvitalBor"]
[Result "0-1"]
[WhiteElo "2926"]
[BlackElo "2682"]
[TimeControl "180+1"]
[EndTime "10:54:55 PST"]
[Termination "AvitalBor won on time"]

1. e4 e5 2. Nf3 Nc6 3. Nc3 g6 4. d4 exd4 5. Nxd4 Bg7 6. Be3 Nf6 7. Nxc6 bxc6 8. e5 Ng8 9. f4 Nh6 10. Bc4 O-O 11. O-O d6 12. Qf3 d5 13. Bb3 d4 14. Rad1 Bg4 15. Rxd4 Bxf3 16. Rxd8 Rfxd8 17. Rxf3 Nf5 18. Bf2 Nd4 19. Bxd4 Rxd4 20. f5 gxf5 21. Rxf5 Rf8 22. g3 c5 23. Nb5 Re4 24. e6 c4 25.
exf7+ Rxf7 26. Rxf7 Kxf7 27. Ba4 Bxb2 28. Nxc7 Bd4+ 29. Kg2 Re2+ 30. Kf3 Rxh2 31. Nd5 Kg7 32. Nf4 Bb6 33. Ng2 Rh1 34. Bb5 Rf1+ 35. Ke4 Rf2 36. Nh4 Rxc2 37. a4 c3 38. Nf3 Rc1 39. Bd3 c2 40. Kf4 h5 41. Bf5 Kf6 42. Bd3 Bc7+ 0-1

[Event "*** Titled Tuesday Blitz"]
[Site "Chess.com"]
[Date "2020.11.24"]
[Round "4"]
[White "annacramling"]
[Black "Pogosian_Manvel"]
[Result "0-1"]
[WhiteElo "2065"]
[BlackElo "2382"]
[TimeControl "180+1"]
[EndTime "10:54:55 PST"]
[Termination "Pogosian_Manvel won on time"]

1. d4 Nf6 2. c4 e6 3. Nc3 Bb4 4. Qc2 c5 5. dxc5 O-O 6. Nf3 Na6 7. a3 Bxc3+ 8. Qxc3 Nxc5 9. e3 a5 10. Be2 b6 11. O-O Bb7 12. Rd1 Qc7 13. Rb1 a4 14. Bd2 Be4 15. Ra1 Nb3 16. Ra2 Rfc8 17. Nd4 d5 18. f3 Bg6 19. Nxb3 axb3 20. Qxb3 dxc4 21. Qc3 Nd5 22. Qc1 b5 23. e4 Ne7 24. Ra1 e5 25. Bb4 Nc6 26. Bd6 Qb6+ 27. Kh1 f6 28. Rd5 Nd4 29. Bf1 Bf7 30. Bb4 Bxd5 31.
exd5 Nb3 32. Qb1 Nxa1 33. Qxa1 Rd8 34. d6 Rxd6 35. Bxd6 Qxd6 36. Qc1 Rd8 37. Kg1 Qd4+ 38. Kh1 Qd1 39. Qxd1 Rxd1 40. Kg1 Rb1 41. b3 Rxb3 42. a4 bxa4 43. Bxc4+ Kf8 44. Kf2 Rb2+ 45. Kg3 a3 0-1

[Event "*** Titled Tuesday Blitz"]
[Site "Chess.com"]
[Date "2020.11.24"]
[Round "4"]
[White "YIYUKI"]
[Black "PLAYER_2006_M"]
[Result "1/2-1/2"]
[WhiteElo "2341"]
[BlackElo "2497"]
[TimeControl "180+1"]
[EndTime "10:54:56 PST"]
[Termination "Game drawn by repetition"]

1. e4 e5 2. Nf3 Nc6 3. d4 exd4 4.
Nxd4 Nf6 5. Nc3 Bb4 6. Nxc6 bxc6 7. Bd3 d5 8. exd5 O-O 9. O-O cxd5 10. h3 Rb8 11. Qf3 Bb7 12. Bf4 Bd6 13. Rad1 a6 14.
b3 Re8 15. Bxd6 Qxd6 16. Rfe1 Kf8 17. Qf5 h6 18. Ne2 Re5 19. Qf4 Rxe2 20. Qxd6+ cxd6 21. Rxe2 Rc8 22. Rde1 Rc7 23. f3 d4 24. Kf2 a5 25.
Bb5 g5 26. Rd1 Rc5 27. a4 Nd5 28. Rxd4 Nc3 29. Re8+ Kg7 30. Rxd6 Nxb5 31. axb5 Rxc2+ 32. Kg3 h5 33. Re7 h4+ 34. Kh2 Bxf3 35. Rdd7 Rxg2+ 36. Kh1 Rg3+ 37. Kh2 Rg2+ 38. Kh1 Rg4+ 39. Kh2 Rg2+ 1/2-1/2

[Event "*** Titled Tuesday Blitz"]
[Site "Chess.com"]
[Date "2020.11.24"]
[Round "4"]
[White "xamax2000"]
[Black "SerGo055"]
[Result "1-0"]
[WhiteElo "2634"]
[BlackElo "2471"]
[TimeControl "180+1"]
[EndTime "10:54:58 PST"]
[Termination "xamax2000 won by resignation"]

1. e4 d5 2. exd5 Qxd5 3. Nc3 Qd8 4. d4 Nf6 5. Bg5 c6 6. Bc4 Bf5 7. Nf3 e6 8. Qe2 Be7 9. O-O-O Nbd7 10. h4 h6 11. Bd2 b5 12. Bd3 Bxd3 13. Qxd3 Nd5 14.
Nxd5 cxd5 15. Qxb5 Qc7 16. Ne5 Rb8 17. Qxd7+ Qxd7 18. Nxd7 Kxd7 19. h5 Rhc8 20. Rh3 Rc4 21. Rd3 Rbc8 22.
c3 a5 23. Kc2 a4 24. b3 R4c7 25. Rb1 axb3+ 26. axb3 Ra8 27. Be3 Ra2+ 28. Rb2 Ra1 29. b4 Kc6 30. Rd1 Rxd1 31. Kxd1 Kb5 32. Kc2 Kc4 33. Ra2 Kb5 34. Kb3 Kb6 35. g4 Kb5 36. f4 Bd6 37. Ra8 Kb6 38. Rd8 Kc6 39. b5+ Kxb5 40.
Rxd6 Rc8 41. Rd7 Kc6 42. Rxf7 1-0

[Event "*** Titled Tuesday Blitz"]
[Site "Chess.com"]
[Date "2020.11.24"]
[Round "4"]
[White "JiiHart"]
[Black "MasterMK73"]
[Result "1-0"]
[WhiteElo "2069"]
[BlackElo "2271"]
[TimeControl "180+1"]
[EndTime "10:54:58 PST"]
[Termination "JiiHart won on time"]

1. e4 c5 2. Nf3 a6 3. d4 cxd4 4. Nxd4 Nf6 5. Nc3 e5 6. Nde2 Bb4 7. f3 d5 8. exd5 Nxd5 9. Bd2 Nxc3 10. Nxc3 O-O 11.
Bd3 Qh4+ 12. g3 Qh3 13. Qe2 Nc6 14. O-O-O f5 15. Bc4+ Kh8 16. Nd5 Bxd2+ 17. Qxd2 b5 18. Bf1 Qh5 19. Nb6 Rb8 20. Qd6 Bb7 21. Nd7 Rbd8 22.
Qc7 Qxf3 23. Bh3 Nd4 24. Nxf8 Rxf8 25. Qxe5 Ne2+ 26. Kb1 Rc8 27. Qc7 Rf8 28. Rhf1 Qe4 29. Qd6 1-0

[Event "*** Titled Tuesday Blitz"]
[Site "Chess.com"]
[Date "2020.11.24"]
[Round "4"]
[White "exoticprincess"]
[Black "anon219"]
[Result "0-1"]
[WhiteElo "2895"]
[BlackElo "2784"]
[TimeControl "180+1"]
[EndTime "10:55:00 PST"]
[Termination "anon219 won by resignation"]

1. d4 d5 2. Nc3 Nf6 3. Bf4 a6 4. e3 c5 5. dxc5 e6 6. Na4 Bxc5 7. Nxc5 Qa5+ 8. c3 Qxc5 9. Nf3 Nc6 10. Bd3 O-O 11. O-O Qe7 12. Bg5 h6 13. Bh4 e5 14.
Be2 Be6 15. a4 Rfd8 16. a5 Rac8 17. Qa4 g5 18. Nxg5 hxg5 19. Bxg5 Kg7 20. f4 e4 21.
f5 Bd7 22. Qb3 Rh8 23. h4 Qd6 24. Rf4 Nh7 25. f6+ Kg8 26. Rd1 Be6 27. Bh6 Nf8 28. Bg7 Ng6 29. g3 Nxf4 30. gxf4 Rxh4 31. Qxb7 Rb8 32. Qxa6 Qc5 33. Rd4 Nxd4 34. exd4 Qc7 35. Bf1 Qxf4 36. Qe2 Rg4+ 37. Bg2 Qc1+ 38. Kh2 Rxb2 0-1

[Event "*** Titled Tuesday Blitz"]
[Site "Chess.com"]
[Date "2020.11.24"]
[Round "4"]
[White "LamaChampetre"]
[Black "FontVella8"]
[Result "0-1"]
[WhiteElo "2224"]
[BlackElo "2540"]
[TimeControl "180+1"]
[EndTime "10:55:00 PST"]
[Termination "FontVella8 won by checkmate"]

1. d4 d5 2. c4 e6 3. Nf3 Nf6 4. g3 Be7 5. Bg2 O-O 6. O-O dxc4 7. Ne5 Nbd7 8. Nxc4 c5 9. Nc3 Nb6 10. Nxb6 axb6 11. d5 exd5 12. Nxd5 Nxd5 13. Bxd5 b5 14. Bf4 Qb6 15. Re1 Rd8 16. e4 Be6 17. Qh5 g6 18. Qf3 Bf6 19. Bc7 Qxc7 20. Qxf6 Ra6 21. Qf3 Qe5 22.
Bxb7 Rxa2 23. Rxa2 Bxa2 24. Qa3 Be6 25. Qa5 Rb8 26. Bd5 Bxd5 27. exd5 Qxd5 28. Qc7 Rd8 29. Re7 c4 30. Re5 Qd1+ 31. Kg2 Rd5 32. Re8+ Kg7 33. Re7 Rf5 34. Rd7 Qf3+ 35. Kh3 Rh5# 0-1

[Event "*** Titled Tuesday Blitz"]
[Site "Chess.com"]
[Date "2020.11.24"]
[Round "4"]
[White "ErikRonka"]
[Black "XDPS"]
[Result "0-1"]
[WhiteElo "2397"]
[BlackElo "2704"]
[TimeControl "180+1"]
[EndTime "10:55:00 PST"]
[Termination "XDPS won by resignation"]

1. e4 c5 2. Nf3 e6 3. d4 cxd4 4. Nxd4 a6 5. Nc3 Qc7 6. Qf3 b5 7. Bf4 d6 8. e5 dxe5 9. Ndxb5 axb5 10. Bxb5+ Ke7 11. Qxa8 exf4 12. O-O Bb7 13. Qa3+ Qd6 14. Qa7 Qc7 15. Nd5+ exd5 16. Rfe1+ Kf6 17. Qd4+ Kg6 18. Bd3+ Kh6 19. Re3 Nf6 20. Rh3+ Kg5 21. g3 h5 22.
gxf4+ Kh6 23. Kh1 Bc5 24. Qc3 d4+ 25. f3 dxc3 26. Rg1 Qxf4 27. Rgg3 0-1

[Event "*** Titled Tuesday Blitz"]
[Site "Chess.com"]
[Date "2020.11.24"]
[Round "4"]
[White "mamonika"]
[Black "HackingKid98"]
[Result "0-1"]
[WhiteElo "2106"]
[BlackElo "2325"]
[TimeControl "180+1"]
[EndTime "10:55:00 PST"]
[Termination "HackingKid98 won on time"]

1. e4 c6 2. d4 d5 3. exd5 cxd5 4. Bd3 Nf6 5. c3 g6 6. Bf4 Bg7 7. Nd2 O-O 8. Ngf3 Bf5 9. Bxf5 gxf5 10. O-O Ne4 11. Ne5 Nc6 12. f3 Nxd2 13. Qxd2 Nxe5 14.
dxe5 e6 15. Qd4 Qb6 16. Qxb6 axb6 17. Bg3 Rfc8 18. f4 b5 19. a3 Bf8 20. Bf2 Rc4 21.
Bd4 Be7 22. Rad1 Kf8 23. Rf3 Kg7 24. h3 Rg8 25. Kf1 Kf8 26. Rd2 h5 27. Bf2 h4 28.
Bd4 Ke8 29. Rd1 Kd7 30. Rd2 Rgc8 31. Bf2 Re4 32. g3 hxg3 33. Bxg3 Rh8 34. Rh2 Kc6 35. h4 Rh5 36. Bf2 Bc5 37. Bxc5 Kxc5 0-1

[Event "*** Titled Tuesday Blitz"]
[Site "Chess.com"]
[Date "2020.11.24"]
[Round "4"]
[White "Witik"]
[Black "Ajedrez_con_German"]
[Result "1-0"]
[WhiteElo "2705"]
[BlackElo "2500"]
[TimeControl "180+1"]
[EndTime "10:55:01 PST"]
[Termination "Witik won by resignation"]

1. e4 e6 2. d4 d5 3. Nc3 dxe4 4.
Nxe4 Nd7 5. Nf3 Ngf6 6. Nxf6+ Nxf6 7. c3 Be7 8. Bd3 O-O 9. Qe2 b6 10. Bg5 Bb7 11. O-O-O Bxf3 12. Qxf3 Qd5 13. Qxd5 Nxd5 14. Bd2 c5 15. dxc5 Bxc5 16. Rhf1 Rfd8 17. Be4 Rac8 18.
Kb1 Rd7 19. Bg5 f6 20. Bc1 Rcd8 21. Rde1 b5 22. f4 Nb6 23. Bc6 Rd6 24. Bxb5 Rb8 25. Kc2 a6 26. Be2 Nd5 27. Bf3 Rc8 28. Rxe6 Nb4+ 29.
cxb4 Rxe6 30. Bd5 Bxb4+ 31. Kb1 Rc6 32. f5 1-0

[Event "*** Titled Tuesday Blitz"]
[Site "Chess.com"]
[Date "2020.11.24"]
[Round "4"]
[White "mortngabriel"]
[Black "xberli"]
[Result "0-1"]
[WhiteElo "2347"]
[BlackElo "2562"]
[TimeControl "180+1"]
[EndTime "10:55:02 PST"]
[Termination "xberli won by resignation"]

1. e4 e5 2. Nf3 Nc6 3. Bb5 Nf6 4. d3 Bc5 5. c3 O-O 6. O-O d6 7. h3 a6 8. Ba4 Ba7 9. Nbd2 Ne7 10. Re1 Ng6 11. Nf1 b5 12. Bc2 Bb7 13. Ng3 Re8 14. Be3 Bxe3 15. fxe3 d5 16. exd5 Nxd5 17. d4 Nb6 18. Bxg6 hxg6 19. Nxe5 Qg5 20. Qg4 Qxg4 21. hxg4 f6 22. Nxg6 Nc4 23. e4 Nxb2 24. Re2 Na4 25.
Rc1 Bc8 26. g5 fxg5 27. c4 b4 28. Ne5 a5 29. Rf1 c5 30. Ref2 cxd4 31. Nf7 Be6 32. Nxg5 Bxc4 33. Rd1 d3 34. Nf5 Rad8 35. g4 Nc3 36.
Rdf1 Nxe4 0-1

[Event "*** Titled Tuesday Blitz"]
[Site "Chess.com"]
[Date "2020.11.24"]
[Round "4"]
[White "ChessWarrior3"]
[Black "ljuks68"]
[Result "0-1"]
[WhiteElo "2087"]
[BlackElo "2394"]
[TimeControl "180+1"]
[EndTime "10:55:02 PST"]
[Termination "ljuks68 won by resignation"]

1. e4 e6 2. d4 d5 3. Nc3 Bb4 4.
e5 Ne7 5. a3 Bxc3+ 6. bxc3 c5 7.
Qg4 Qc7 8. Qxg7 Rg8 9. Qxh7 cxd4 10. Ne2 Nbc6 11. f4 Bd7 12. h4 dxc3 13. Qd3 d4 14. h5 O-O-O 15. g3 Nf5 16. Bg2 Kb8 17. Bf3 Nh6 18. Rh4 Nf5 19. Rh3 Nh6 20. Rh4 f5 21.
exf6 e5 22. g4 Nxg4 23. Bxg4 Bxg4 24. h6 Bxe2 25. Qxe2 Rg1+ 26. Kf2 Rdg8 27. Rh2 Qh7 28. f7 Qxf7 29. h7 Qf5 30. hxg8=Q+ Rxg8 31. Rh5 Qf6 32. Rxe5 Qh4+ 33. Kf3 Qh1+ 34. Kf2 Rg2+ 35. Kf3 Qh3+ 0-1

[Event "*** Titled Tuesday Blitz"]
[Site "Chess.com"]
[Date "2020.11.24"]
[Round "4"]
[White "Xeniya2005"]
[Black "Isajevsky_Anton"]
[Result "1-0"]
[WhiteElo "2442"]
[BlackElo "2585"]
[TimeControl "180+1"]
[EndTime "10:55:03 PST"]
[Termination "Xeniya2005 won on time"]

1. e4 c5 2. Nf3 d6 3. Bb5+ Nd7 4. Ba4 Nf6 5. O-O e6 6. c4 Be7 7. d3 O-O 8. Nc3 Ne5 9. h3 a6 10. Be3 Nxf3+ 11. Qxf3 Nd7 12. Qe2 Bf6 13. Rac1 Nb8 14. f4 b6 15. g4 Bd7 16. Bxd7 Qxd7 17. g5 Bxc3 18. bxc3 b5 19. cxb5 axb5 20. Rc2 Nc6 21. h4 b4 22. c4 Ra3 23. Rd2 Rfa8 24. f5 exf5 25. Rxf5 Ne5 26. h5 Qe6 27. Bf4 Nc6 28. Qg2 Nd4 29. Rd5 R3a6 30. e5 dxe5 31. Bxe5 b3 32. axb3 Ra1+ 33. Kh2 Nxb3 34. Rf2 h6 35. gxh6 Qxh6 36. Bxg7 1-0

[Event "*** Titled Tuesday Blitz"]
[Site "Chess.com"]
[Date "2020.11.24"]
[Round "4"]
[White "joppie2"]
[Black "Orest_Vovk"]
[Result "1-0"]
[WhiteElo "2951"]
[BlackElo "2529"]
[TimeControl "180+1"]
[EndTime "10:55:04 PST"]
[Termination "joppie2 won by resignation"]

1. e4 Nc6 2. Nc3 Nf6 3. Nf3 d5 4. e5 d4 5. exf6 dxc3 6. fxg7 cxd2+ 7. Bxd2 Bxg7 8. c3 Bg4 9. Be2 Qd5 10. Be3 O-O-O 11.
Qxd5 Rxd5 12. Bc4 Bxf3 13. gxf3 Rf5 14. Ke2 e6 15. Bd3 Rh5 16. f4 Bh6 17. h4 Ne7 18.
Bd4 Re8 19. Kf3 Nd5 20. Be4 Nxf4 21. Be3 f5 22. Bxf4 fxe4+ 23. Kg4 Bxf4 24. Kxh5 Rf8 25. Rhg1 Rf5+ 26. Kg4 h5+ 27. Kh3 Bd6 28. Kg2 Rf4 29. Rae1 Rxh4 30. Rh1 Rg4+ 31. Kf1 h4 32. Ke2 Bc5 33.
Rhg1 Rf4 34. Rg2 h3 35. Rh2 Rf3 36. Reh1 a5 37. Kd1 Bxf2 38. Rxh3 Rxh3 39. Rxh3 Kd7 40. Ke2 e3 41. Kd3 Kd6 42. a4 b6 43. Rh5 Kd7 44.
Re5 Kd6 45. Re4 Kd5 46. b4 axb4 47. cxb4 c5 48. a5 cxb4 49. a6 b3 50. a7 b2 51.
a8=Q+ Kc5 52. Qc8+ Kb5 53. Qc4+ 1-0

[Event "*** Titled Tuesday Blitz"]
[Site "Chess.com"]
[Date "2020.11.24"]
[Round "4"]
[White "Slovak_fighter2000"]
[Black "Sueetin"]
[Result "1-0"]
[WhiteElo "2452"]
[BlackElo "2269"]
[TimeControl "180+1"]
[EndTime "10:55:05 PST"]
[Termination "Slovak_fighter2000 won on time"]

1. d4 Nf6 2. Nf3 e6 3. Bf4 c5 4. e3 cxd4 5. exd4 b6 6. Nbd2 Bb7 7. c3 Be7 8. Bd3 d6 9. Qe2 O-O 10. O-O Nbd7 11. a4 a6 12. h3 Re8 13. Bh2 Bf8 14.
Nc4 Qc7 15. Rfe1 Bc6 16. Ne3 Qb7 17. Nd2 e5 18. dxe5 dxe5 19. Bc4 Bc5 20. b4 Bxe3 21. fxe3 Bd5 22. Bd3 e4 23. Bc2 Rac8 24. c4 Ne5 25.
Bxe5 Rxe5 26. Bb3 Be6 27. Qf2 Rg5 28. Rac1 Bxh3 29. g3 Rf5 30. Qh2 Rh5 31. Qf2 Bg4 32. Bd1 Qd7 33. Nf1 Rd8 34. Bxg4 Qxg4 35. Rc2 Rd3 36. c5 bxc5 37. bxc5 Qg6 38. c6 Qh6 39.
Qg2 Ne8 40. c7 Nxc7 41. Rxc7 g6 42. Qxe4 1-0

[Event "*** Titled Tuesday Blitz"]
[Site "Chess.com"]
[Date "2020.11.24"]
[Round "4"]
[White "Nils_03"]
[Black "witcher8"]
[Result "0-1"]
[WhiteElo "2240"]
[BlackElo "2440"]
[TimeControl "180+1"]
[EndTime "10:55:05 PST"]
[Termination "witcher8 won on time"]

1. d4 Nf6 2. c4 g6 3. Nc3 Bg7 4. Nf3 d6 5. g3 O-O 6. Bg2 Nc6 7. O-O a6 8. h3 Rb8 9. e4 b5 10. cxb5 axb5 11. e5 Nd7 12. Ng5 dxe5 13. Bxc6 exd4 14. Nxb5 Rb6 15. Bxd7 Bxd7 16. Nxd4 Rd6 17. Be3 Bxd4 18. Bxd4 e5 19. Bc5 Rxd1 20. Raxd1 Re8 21. Ne4 Kg7 22. Be3 Qc8 23. Bg5 Bxh3 24. Rfe1 Bg4 25. Rd5 Bf3 26. Bf6+ Kf8 27. Kh2 Qg4 28. Rd3 Bxe4 29. Rde3 Qh5+ 30. Bh4 f5 0-1

[Event "*** Titled Tuesday Blitz"]
[Site "Chess.com"]
[Date "2020.11.24"]
[Round "4"]
[White "DonPreuss"]
[Black "lider34"]
[Result "0-1"]
[WhiteElo "2236"]
[BlackElo "2435"]
[TimeControl "180+1"]
[EndTime "10:55:05 PST"]
[Termination "lider34 won by resignation"]

1. d4 g6 2. e4 c6 3. Nc3 d5 4.
e5 h5 5. f4 Nh6 6. Nf3 Bg7 7. Bd3 Bg4 8. O-O e6 9. h3 Bxf3 10.
Qxf3 h4 11. Ne2 Nd7 12. Be3 Nf5 13. Bf2 Bf8 14. c4 Be7 15. c5 b6 16. b4 Kf8 17.
g4 hxg3 18. Nxg3 Rxh3 19. Kg2 Nh4+ 20. Kxh3 Nxf3 21. Kg4 Nh2+ 22. Kh3 Nxf1 23. Rxf1 a5 24. Kg4 axb4 25. Rh1 Kg8 26. f5 exf5+ 27. Bxf5 gxf5+ 28. Nxf5 Bg5 29. Rh5 Bd2 30. Bh4 Qe8 31. Ne7+ Kf8 32.
Bf6 Nxf6+ 33. exf6 Qd7+ 34. Kf3 Ra3+ 35. Ke2 Qg4+ 0-1

[Event "*** Titled Tuesday Blitz"]
[Site "Chess.com"]
[Date "2020.11.24"]
[Round "4"]
[White "freshfoodcompany"]
[Black "Road2GM3000"]
[Result "0-1"]
[WhiteElo "2359"]
[BlackElo "2030"]
[TimeControl "180+1"]
[EndTime "10:55:05 PST"]
[Termination "Road2GM3000 won by resignation"]

1. d4 d5 2. c4 e6 3. Nc3 Nf6 4. cxd5 exd5 5. Bg5 Be7 6. e3 c6 7. Bd3 O-O 8. Nge2 Bg4 9. O-O Bxe2 10. Qxe2 Nbd7 11. f3 h6 12. Bh4 c5 13. Rae1 c4 14.
Bb1 a6 15. Qc2 g6 16. e4 b5 17. e5 Ne8 18. Bxe7 Qxe7 19. Nxd5 Qe6 20. Qe4 Rd8 21.
Nf4 Qb6 22. Kh1 Ng7 23. e6 Nxe6 24. Nxe6 Qxe6 25. Qxe6 fxe6 26. Rxe6 Rf6 27. d5 Rxe6 28. dxe6 Nc5 29. e7 Re8 30. Bxg6 Rxe7 31. h4 Re2 32. Rd1 Rxb2 33. Rd5 Ne6 34. Rd6 Nf4 35. Rxa6 Nxg6 36. Rxg6+ Kf7 37. Rb6 c3 38. Kh2 c2 39.
Rc6 Rxa2 40. Kh3 b4 41. g4 b3 42. g5 hxg5 43. h5 b2 44. h6 c1=Q 45. h7 Qh1+ 46. Kg4 Qxh7 47. Rc7+ Kg6 48. Rc6+ Kg7 49. Rc7+ Kh8 50.
Rc8+ Qg8 51. Rxg8+ Kxg8 52. Kxg5 b1=Q 0-1

[Event "*** Titled Tuesday Blitz"]
[Site "Chess.com"]
[Date "2020.11.24"]
[Round "4"]
[White "rpragchess"]
[Black "ural58"]
[Result "0-1"]
[WhiteElo "2860"]
[BlackElo "2429"]
[TimeControl "180+1"]
[EndTime "10:55:06 PST"]
[Termination "ural58 won on time"]

1. d4 d5 2. c4 e5 3. dxe5 d4 4. Nf3 Nc6 5. Nbd2 a5 6. Nb3 Bg4 7. Bf4 Bb4+ 8. Nbd2 Nge7 9. a3 Ng6 10. axb4 Nxf4 11.
b5 Nb4 12. g3 d3 13. exd3 Nfxd3+ 14. Bxd3 Qxd3 15. Rc1 O-O-O 16. Rc3 Bxf3 17. Qxf3 Qxd2+ 18. Kf1 Qd1+ 19. Kg2 Qxf3+ 20. Rxf3 Rhf8 21. Re1 Rd3 22. Rf4 Rd2 23. Rf3 Nd3 24. Ree3 Nxb2 25. e6 Nxc4 26. Rxf7 Re8 0-1